Map: Cyber Forest LE

Players

BEDSTE - Winner!

  • Race: Zerg Zerg
  • League: Master
  • Spawn Location: 5:00

Mez

  • Race: Terran Terran
  • League: Master
  • Spawn Location: 11:00

VOD

Have the link to the VOD?

Description

Time

  • Played on: Aug. 12, 2019, 9:43 a.m.
  • Length: 8:19
Show
View Real Time Build Order
Export as new Build Order

BEDSTE Zerg - Winner!

Build Orders: Hatch First, Roach Nydus 

Get SALT Encoding   

  12  0:01  Drone  
  13  0:13  Overlord  
  13  0:18  Drone  
  14  0:33  Drone x2  
  16  0:36  Drone  
  17  0:53  Hatchery  
  17  0:56  Drone  
  17  0:59  Drone  
  18  1:09  Extractor  
  17  1:14  Spawning Pool  
  17  1:17  Drone  
  17  1:20  Drone  
  18  1:29  Drone  
  19  1:40  Overlord  
  19  1:51  Drone  
  20  2:00  Queen  
  22  2:01  Zergling x2  
  22  2:05  Queen  
  22  2:06  Zergling x2  
  26  2:13  Drone  
  27  2:17  Drone  
  28  2:26  Drone  
  29  2:31  Drone  
  29  2:39  Zergling x2  
  29  2:47  Queen  
  31  2:51  Lair  
  31  3:00  Drone x4  
  31  3:01  Overlord  
  35  3:06  Extractor  
  35  3:10  Roach Warren  
  33  3:16  Overlord  
  33  3:23  Queen  
  35  3:32  Overlord  
  35  3:41  Overlord  
  34  3:52  Nydus Network, Roach  
  34  3:53  Roach x3  
  41  3:59  Queen  
  41  4:00  Overseer  
  41  4:01  Roach  
  45  4:09  Roach x2  
  49  4:16  Roach  
  51  4:26  Overlord  
  51  4:32  Nydus Canal  
  51  4:48  Roach  
  51  4:49  Roach x3  
  59  4:52  Nydus Canal  
  59  4:57  Overlord x2  
  59  5:14  Queen  
  59  5:16  Roach x2  
  59  5:17  Roach x2  
  61  5:26  Nydus Canal  
  61  5:31  Roach  
  63  5:36  Spore Crawler  
  62  5:43  Roach  
  64  6:00  Roach x2  
  56  6:05  Roach  
  56  6:06  Roach  
  54  6:14  Roach x2  
  44  6:41  Roach  
  44  6:42  Roach x4  
  50  6:55  Nydus Canal, Roach  
  50  6:56  Roach  
  54  7:09  Roach x2  
  53  7:24  Roach  
  55  7:51  Ravager x2  
Show
View Real Time Build Order
Export as new Build Order

Mez Terran 

Build Orders: Liberator Opening, Reaper Expand 

Get SALT Encoding   

  12  0:00  SCV  
  13  0:12  SCV  
  14  0:17  Supply Depot  
  14  0:25  SCV  
  15  0:40  Barracks  
  15  0:42  Refinery  
  15  0:44  SCV  
  16  0:56  SCV  
  17  1:08  SCV  
  18  1:20  SCV  
  19  1:29  Reaper  
  19  1:32  Orbital Command  
  20  1:43  Command Center  
  20  1:52  Supply Depot  
  20  1:58  SCV  
  21  2:03  Marine  
  22  2:10  SCV  
  23  2:16  Factory  
  23  2:18  Refinery  
  23  2:22  SCV  
  24  2:24  Barracks Reactor  
  24  2:44  SCV  
  24  2:55  Orbital Command  
  24  2:56  SCV  
  25  3:04  Starport  
  25  3:07  Hellion x2  
  25  3:09  SCV  
  25  3:10  Barracks Tech Lab  
  30  3:21  SCV  
  30  3:26  SCV, Liberator  
  32  3:29  Hellion x2  
  32  3:33  SCV  
  37  3:41  SCV  
  38  3:47  Stimpack  
  41  3:51  SCV  
  41  3:53  SCV, Supply Depot  
  41  3:54  Supply Depot  
  43  4:06  Widow Mine, SCV  
  46  4:14  Widow Mine, SCV, Marauder  
  51  4:27  Liberator  
  51  4:28  Bunker  
  51  4:29  Supply Depot  
  51  4:36  Marauder  
  53  4:43  Hellion x2  
  53  4:45  SCV x2  
  62  4:57  SCV  
  63  5:01  Command Center  
  63  5:06  SCV  
  64  5:09  SCV  
  65  5:20  Widow Mine x2  
  69  5:23  Marauder  
  67  5:34  Liberator  
  67  5:45  Marauder  
  67  5:49  Supply Depot  
  68  5:56  Combat Shield  
  56  6:06  Marauder  
  50  6:11  Widow Mine x2  
  50  6:12  SCV x2  
  50  6:15  Supply Depot  
  50  6:24  SCV x2  
  40  6:28  Marauder  
  40  6:36  SCV x2  
  34  6:46  Hellion x2  
  34  6:56  Marine  
  31  7:09  SCV x2  
  31  7:13  Hellion x2  
  33  7:31  SCV x2  
  32  7:50  Marine  
  32  7:51  SCV  
Tags
 
Add a new tag
Caveats
  • Supply blocks, unpowered buildings, or Contaminate may cause inaccurate times.
  • Supply counts are checked every 10 seconds.